 Dungeon Crawl Stone Soup version 0.26-a0-707-g31817bcca1 (webtiles) character file.

Game seed: 4903232199508695209

21205 robertstho the Frost Mage (level 12, -6/92 HPs)
             Began as a Gnoll Ice Elementalist on Oct 26, 2020.
             Was an Elder of Sif Muna.
             Killed from afar by Josephine (30 damage)
             ... with a ghostly fireball
             ... on level 4 of the Lair of Beasts.
             The game lasted 00:32:17 (16036 turns).

robertstho the Frost Mage (Gnoll Ice Elementalist) Turns: 16036, Time: 00:32:20

Health: -6/92      AC:  8    Str: 12    XL:     12   Next: 87%
Magic:  16/43      EV: 17    Int: 22    God:    Sif Muna [****..]
Gold:   1050       SH:  0    Dex: 15    Spells: 8/29 levels left

rFire    . . .     SeeInvis .   n - staff of cold
rCold    + . .     Faith    .   (no shield)
rNeg     . . .     Spirit   .   a - +0 robe
rPois    .         Reflect  .   j - +2 helmet
rElec    .         Harm     .   (no cloak)
rCorr    .         Rampage  .   P - +0 pair of gloves
MR       .....                  u - +0 pair of boots
Stlth    +++.......             l - amulet of regeneration
HPRegen  0.65/turn              t - ring of magical power
MPRegen  0.28/turn              y - ring of magical power

@: frozen ramparts, slowed, heavily drained, very slow
A: distributed training, fangs 1, strong nose
a: Channel Magic, Forget Spell, Divine Exegesis, Renounce Religion


You were on level 4 of the Lair of Beasts.
You worshipped Sif Muna.
Sif Muna was greatly pleased with you.
You visited 3 branches of the dungeon, and saw 18 of its levels.
You also visited: Ossuary and Bailey.

You collected 1050 gold pieces.

Inventory:

Hand Weapons
 b - a +2 dagger of protection
 w - a +0 whip of electrocution
Armour
 a - a +0 robe (worn)
 j - a +2 helmet (worn)
 u - a +0 pair of boots (worn)
 P - a +0 pair of gloves (worn)
Magical Staves
 n - an uncursed staff of cold (weapon)
 r - an uncursed staff of air
Jewellery
 k - an uncursed ring of fire
 l - an amulet of regeneration (around neck)
 o - an uncursed ring of ice
 t - a ring of magical power (left hand)
 x - a +4 ring of protection {unknown}
 y - a ring of magical power (right hand)
 I - an uncursed ring of protection from fire
 K - a +4 ring of protection {unknown}
 M - a cursed ring of teleportation {unknown}
 N - a cursed ring of teleportation {unknown}
 S - an uncursed ring of flight {unknown}
 T - an uncursed ring of protection from magic {unknown}
Wands
 v - a wand of flame (41)
 D - a wand of acid (24)
 G - a wand of polymorph (25)
 H - a wand of random effects (20)
 R - a wand of disintegration (20)
Scrolls
 c - 5 scrolls of enchant weapon
 f - 10 scrolls of magic mapping
 h - 4 scrolls of teleportation
 m - 6 scrolls of identify
 s - 4 scrolls of fog {unknown}
 C - a scroll of blinking
 E - 5 scrolls of remove curse
 F - 4 scrolls of enchant armour {unknown}
 L - 2 scrolls of acquirement
Potions
 d - 3 potions of flight
 e - 15 potions of curing
 g - 2 potions of mutation
 i - 5 potions of heal wounds {unknown}
 p - 2 potions of cancellation
 q - 2 potions of might
 z - 4 potions of stabbing
 A - 3 potions of haste
 B - 2 potions of resistance
 J - 2 potions of lignification {unknown}
 O - 2 potions of berserk rage {unknown}
 Q - a potion of experience {unknown}


   Skills:
 + Level 7.7(5.8) Fighting
 + Level 7.7(5.8) Short Blades
 + Level 7.7(5.8) Long Blades
 + Level 7.7(5.8) Axes
 + Level 7.7(5.8) Maces & Flails
 + Level 7.7(5.8) Polearms
 + Level 7.7(5.8) Staves
 + Level 7.7(5.8) Slings
 + Level 7.7(5.8) Bows
 + Level 7.7(5.8) Crossbows
 + Level 7.7(5.8) Throwing
 + Level 7.7(5.8) Armour
 + Level 9.0(7.1) Dodging
 + Level 8.8(6.9) Stealth
 + Level 7.7(5.8) Shields
 + Level 7.7(5.8) Unarmed Combat
 + Level 9.2(7.3) Spellcasting
 + Level 6.4(4.5) Conjurations
 + Level 6.4(4.5) Hexes
 + Level 6.4(4.5) Summonings
 + Level 6.4(4.5) Necromancy
 + Level 6.4(4.5) Translocations
 + Level 6.4(4.5) Transmutations
 + Level 6.4(4.5) Fire Magic
 + Level 9.6(7.6) Ice Magic
 + Level 6.4(4.5) Air Magic
 + Level 6.4(4.5) Earth Magic
 + Level 6.4(4.5) Poison Magic
 + Level 8.4(6.5) Invocations
 + Level 7.7(5.8) Evocations


You had 8 spell levels left.
You knew the following spells:

 Your Spells              Type           Power        Failure   Level
a - Freeze                Ice            ####         1%          1
b - Frozen Ramparts       Ice            ######       1%          3
c - Ozocubu's Armour      Ice            ######..     1%          3
d - Hailstorm             Conj/Ice       ######..     6%          4
e - Summon Ice Beast      Ice/Summ       ######..     6%          4
f - Freezing Cloud        Conj/Ice/Air   #####.....   77%         6

Your spell library contained the following spells:

 Spells                   Type           Power        Failure   Level
 Animate Skeleton         Necr           ####..       1%          1
 Apportation              Tloc           ####..       1%          1
 Corona                   Hex            ####...      1%          1
 Foxfire                  Conj/Fire      ####         1%          1
 Sandblast                Erth           ####..       1%          1
 Shock                    Conj/Air       ####         1%          1
 Summon Small Mammal      Summ           ####         1%          1
 Passwall                 Tmut/Erth      ####....     1%          2
 Poisonous Vapours        Pois/Air       ####..       1%          2
 Swiftness                Air            ####....     1%          2
 Wereblood                Tmut           ####....     1%          2
 Conjure Flame            Conj/Fire      ####....     3%          3
 Mephitic Cloud           Conj/Pois/Air  ####....     3%          3
 Spider Form              Tmut/Pois      ####......   3%          3
 Static Discharge         Conj/Air       ####....     3%          3
 Stone Arrow              Conj/Erth      ####..       3%          3
 Ice Form                 Ice/Tmut       ######..     6%          4
 Airstrike                Air            ####......   12%         4
 Petrify                  Tmut/Erth      ####....     12%         4
 Bolt of Magma            Conj/Fire/Erth ####......   34%         5
 Lee's Rapid Deconstruct  Erth           ####......   34%         5
 Lightning Bolt           Conj/Air       ####......   34%         5
 Necromutation            Tmut/Necr      ####......   100%        8


Dungeon Overview and Level Annotations

Branches:
Dungeon (13/15)            Temple (1/1) D:6            Lair (4/6) D:10
  Snake (0/4) Lair:3          Orc (0/2) D:12        Ossuary (visited)
 Bailey (visited)
  Swamp: Lair:2-4    Shoals: Lair:2-4    Vaults: D:13-14

Altars:
Ashenzari
Cheibriados
Dithmenos
Elyvilon
Gozag
Hepliaklqana
Okawaru
Qazlal
Ru
Sif Muna
Trog
Wu Jian
Xom
Zin
The Shining One

Annotations:
D:5 2 transporters
Lair:3 2 transporters, Melum's ghost, journeyman VSBr
Lair:4 Josephine


Innate Abilities, Weirdness & Mutations

Your experience applies equally to all skills.
You have very sharp teeth.
Your uncanny sense of smell can sniff out nearby items.


Message History

The wraith closely misses your ice beast.
Josephine resists.
The wall freezes Josephine.
Josephine closely misses you.
Your ice beast completely misses the wraith.
Your ice beast hits the wraith.
Your ice beast freezes the wraith!
The wraith resists.
Casting: Frozen Ramparts (safe; 1% risk of failure)
Confirm with . or Enter, or press ? or * to list all spells.
Aiming: Freeze (safe; 1% risk of failure)
Press: ? - help, Shift-Dir - straight line, f/p - Josephine
Aim: Josephine, wielding a +0 dagger and wearing a cursed +0 robe (severely wounded, unusually resistant)
You feel a surge of power!
Josephine resists.
You freeze Josephine.
Josephine is severely wounded.
The wraith hits your ice beast.
The wraith drains your ice beast's vigour!
Your ice beast seems to slow down.
Josephine resists.
The wall freezes Josephine.
Josephine points at you and mumbles some strange words.
The ghostly flame explodes!
The ghostly fireball engulfs you!!
You feel drained.
You die...

.............## .
#.............#
.. #............#
... #...........
..$.###..........
...............#
..............#
....l..@....<#
.......#@...##
.......#.Y..#
......#..WY##
....(.##...#
...... ##...#
..... #..## ....#
#.(# ....


You could see Josephine (resistant), a komodo dragon, a wraith and 2 friendly
ice beasts.

Vanquished Creatures
  A hydra (Lair:3)
  2 death yaks
  An unseen horror (D:12)
  Pikel (D:7)
  2 black mambas
  2 gargoyles (D:10)
  Psyche (D:12)
  3 cane toads (Lair:2)
  A redback zombie (D:10)
  2 komodo dragons
  A troll (D:12)
  A spriggan (Lair:3)
  A wraith (Lair:4)
  15 yaks
  A vampire mosquito (D:12)
  3 nagas (Lair:3)
  2 water moccasins
  8 orc warriors
  2 phantoms
  3 sky beasts (D:8)
  An eye of draining (D:9)
  A necrophage (D:8)
  6 wolves
  2 lemures (D:7)
  5 ogres
  A big kobold (D:11)
  6 bullfrogs
  3 scorpions
  6 killer bees
  2 wights (D:8)
  3 howler monkeys
  A centaur zombie (D:5)
  9 orc priests
  A centaur skeleton (D:12)
  5 hounds
  13 orc wizards
  3 iguanas
  5 worker ants
  A hound zombie (D:7)
  A mummy (D:5)
  Robin (D:2)
  5 gnolls
  18 adders
  A howler monkey skeleton (D:8)
  A shadow imp (D:7)
  2 white imps
  2 ufetubi
  3 adder skeletons
  4 worms
  2 leopard geckos
  42 orcs
  5 giant cockroaches
  19 goblins
  8 hobgoblins
  6 jackals
  8 quokkas
  A ball python (D:4)
  4 bats
  6 frilled lizards
  A hobgoblin zombie (D:5)
  6 kobolds
  2 orc zombies
  4 rats
279 creatures vanquished.

Vanquished Creatures (collateral kills)
  A two-headed ogre (D:9)
  A death yak (D:10)
  An ugly thing (D:11)
  A cyclops (D:12)
  2 manticores
  A black mamba (Lair:3)
  A cane toad (Lair:2)
  A rime drake (Lair:2)
  2 komodo dragons
  A polar bear (Lair:3)
  2 wraiths (Lair:4)
  22 yaks
  A basilisk (D:12)
  A vampire mosquito (D:12)
  A naga (Lair:3)
  A soldier ant (D:10)
  6 orc warriors
  2 ice beasts
  A black bear (Lair:3)
  A necrophage (D:11)
  A phantom (D:9)
  2 wolves
  10 centaurs
  3 bullfrogs
  An electric eel (Lair:3)
  3 wights (D:8)
  An orc wizard (D:6)
  2 hounds (D:9)
  A bullfrog skeleton (D:10)
  2 centaur skeletons
  A killer bee zombie (D:7)
  A worker ant zombie (D:8)
  A white imp (D:10)
  22 orcs
  2 gnoll zombies (Ossuary)
  3 jackals (D:9)
  A hobgoblin zombie (Ossuary)
  A kobold zombie (Ossuary)
108 creatures vanquished.

Vanquished Creatures (others)
  An orc wizard (D:5)
  A gnoll (D:5)
  An orc (D:5)
  A frilled lizard (D:5)
  2 fungi
  2 plants (Lair:3)
8 creatures vanquished.

Grand Total: 395 creatures vanquished

Notes
Turn   | Place    | Note
-------+----------+-------------------------------------------
     0 | D:1      | robertstho the Gnoll Ice Elementalist began the quest for
                  | the Orb.
     0 | D:1      | Reached XP level 1. HP: 13/13 MP: 6/6
   242 | D:1      | You fall into a shaft and drop 1 floor!
   253 | D:2      | Noticed a worker ant
   258 | D:2      | Killed a worker ant
   258 | D:2      | Reached skill level 5 in Spellcasting
   258 | D:2      | Reached XP level 2. HP: 6/20 MP: 5/8
   258 | D:2      | Reached XP level 3. HP: 8/25 MP: 5/9
   263 | D:2      | Learned a level 3 spell: Frozen Ramparts
   267 | D:2      | Learned a level 3 spell: Ozocubu's Armour
   609 | D:2      | Reached skill level 1 in Invocations
   613 | D:2      | Found a bloodstained altar of Trog.
   731 | D:2      | Found a hazy altar of Hepliaklqana.
   976 | D:2      | Found a shimmering blue altar of Sif Muna.
  1016 | D:2      | Noticed Robin
  1020 | D:2      | Reached skill level 1 in Fighting
  1020 | D:2      | Reached skill level 1 in Short Blades
  1020 | D:2      | Reached skill level 1 in Long Blades
  1020 | D:2      | Reached skill level 1 in Axes
  1020 | D:2      | Reached skill level 1 in Maces & Flails
  1020 | D:2      | Reached skill level 1 in Polearms
  1020 | D:2      | Reached skill level 1 in Staves
  1020 | D:2      | Reached skill level 1 in Slings
  1020 | D:2      | Reached skill level 1 in Bows
  1020 | D:2      | Reached skill level 1 in Crossbows
  1020 | D:2      | Reached skill level 1 in Throwing
  1020 | D:2      | Reached skill level 1 in Armour
  1020 | D:2      | Reached skill level 1 in Shields
  1020 | D:2      | Reached skill level 1 in Unarmed Combat
  1020 | D:2      | Reached skill level 1 in Evocations
  1041 | D:2      | Killed Robin
  1041 | D:2      | Reached XP level 4. HP: 32/32 MP: 3/11
  1450 | D:3      | Reached skill level 1 in Conjurations
  1450 | D:3      | Reached skill level 1 in Hexes
  1450 | D:3      | Reached skill level 1 in Summonings
  1450 | D:3      | Reached skill level 1 in Necromancy
  1450 | D:3      | Reached skill level 1 in Translocations
  1450 | D:3      | Reached skill level 1 in Transmutations
  1450 | D:3      | Reached skill level 1 in Fire Magic
  1450 | D:3      | Reached skill level 1 in Air Magic
  1450 | D:3      | Reached skill level 1 in Earth Magic
  1450 | D:3      | Reached skill level 1 in Poison Magic
  1480 | D:3      | Reached XP level 5. HP: 26/37 MP: 8/12
  1678 | D:3      | Found an ornate altar of the Wu Jian Council.
  2041 | D:3      | Noticed an orc warrior
  2046 | D:3      | Reached XP level 6. HP: 44/44 MP: 9/13
  2056 | D:3      | Killed an orc warrior
  2056 | D:3      | Reached skill level 5 in Dodging
  2706 | D:4      | Reached XP level 7. HP: 50/50 MP: 12/15
  2738 | D:4      | Found an iron altar of Okawaru.
  3706 | D:5      | Entered Level 5 of the Dungeon
  3737 | D:5      | Reached skill level 5 in Stealth
  3842 | D:5      | Found a sand-covered staircase.
  3859 | Ossuary  | Entered an ossuary
  3865 | Ossuary  | Learned a level 4 spell: Hailstorm
  3870 | Ossuary  | Learned a level 4 spell: Summon Ice Beast
  4031 | D:5      | Found a transporter.
  4054 | D:5      | Found a glowing golden altar of the Shining One.
  4168 | D:2      | Became a worshipper of Sif Muna the Loreminder
  4445 | D:5      | Found a shimmering altar of Xom.
  4500 | D:5      | Found a transporter.
  4622 | D:5      | Reached XP level 8. HP: 57/57 MP: 11/16
  4760 | D:5      | Found a sacrificial altar of Ru.
  5033 | D:6      | Found an opulent altar of Gozag.
  5226 | D:6      | Found a staircase to the Ecumenical Temple.
  5302 | D:6      | Found a white marble altar of Elyvilon.
  5592 | D:6      | Found a shimmering altar of Xom.
  5825 | D:7      | Reached * piety under Sif Muna
  5938 | D:7      | Reached XP level 9. HP: 50/65 MP: 5/18
  6033 | D:7      | Noticed Pikel
  6049 | D:7      | Killed Pikel
  6593 | D:7      | Found a broken altar of Ashenzari.
  6593 | D:7      | Found a stormy altar of Qazlal.
  7107 | D:8      | Identified a scroll of acquirement
  7107 | D:8      | Acquired an uncursed staff of cold
  7281 | D:8      | Reached ** piety under Sif Muna
  7281 | D:8      | Reached skill level 5 in Invocations
  7778 | D:8      | Noticed an angel
  7779 | D:8      | Found a glowing silver altar of Zin.
  7924 | D:9      | Found a shadowy altar of Dithmenos.
  7935 | D:9      | Reached XP level 10. HP: 73/73 MP: 20/20
  8104 | D:9      | Noticed a two-headed ogre
  8109 | D:9      | Killed a two-headed ogre
  8109 | D:9      | Reached skill level 5 in Fighting
  8109 | D:9      | Reached skill level 5 in Short Blades
  8109 | D:9      | Reached skill level 5 in Long Blades
  8109 | D:9      | Reached skill level 5 in Axes
  8109 | D:9      | Reached skill level 5 in Maces & Flails
  8109 | D:9      | Reached skill level 5 in Polearms
  8109 | D:9      | Reached skill level 5 in Staves
  8109 | D:9      | Reached skill level 5 in Slings
  8109 | D:9      | Reached skill level 5 in Bows
  8109 | D:9      | Reached skill level 5 in Crossbows
  8109 | D:9      | Reached skill level 5 in Throwing
  8109 | D:9      | Reached skill level 5 in Armour
  8109 | D:9      | Reached skill level 5 in Shields
  8109 | D:9      | Reached skill level 5 in Unarmed Combat
  8109 | D:9      | Reached skill level 5 in Evocations
  8601 | D:10     | Entered Level 10 of the Dungeon
  8607 | D:10     | Noticed a death yak
  8612 | D:10     | Noticed a death yak
  8666 | D:9      | Killed a death yak
  8771 | D:10     | Learned a level 6 spell: Freezing Cloud
  8776 | D:10     | Found a staircase to the Lair.
  8776 | D:10     | Noticed a death yak
  8913 | D:10     | Reached *** piety under Sif Muna
  8926 | D:10     | Killed a death yak
  8933 | D:10     | Killed a death yak
  8933 | D:10     | Reached XP level 11. HP: 81/81 MP: 13/22
  9197 | D:10     | Reached skill level 5 in Conjurations
  9197 | D:10     | Reached skill level 5 in Hexes
  9197 | D:10     | Reached skill level 5 in Summonings
  9197 | D:10     | Reached skill level 5 in Necromancy
  9197 | D:10     | Reached skill level 5 in Translocations
  9197 | D:10     | Reached skill level 5 in Transmutations
  9197 | D:10     | Reached skill level 5 in Fire Magic
  9197 | D:10     | Reached skill level 5 in Air Magic
  9197 | D:10     | Reached skill level 5 in Earth Magic
  9197 | D:10     | Reached skill level 5 in Poison Magic
  9305 | D:10     | Found a snail-covered altar of Cheibriados.
  9834 | D:11     | Noticed a cyan ugly thing
  9844 | D:11     | Killed a cyan ugly thing
  9907 | D:11     | Noticed a manticore
  9927 | D:11     | Killed a manticore
 10410 | D:11     | Reached **** piety under Sif Muna
 10671 | D:12     | Found a flagged portal.
 10674 | Bailey   | Entered a bailey
 11867 | D:12     | Noticed a manticore
 11881 | D:12     | Killed a manticore
 11891 | D:12     | Killed an unseen horror
 12160 | D:12     | Reached ***** piety under Sif Muna
 12160 | D:12     | Identified Sif Muna's Almanac of Hurtful Moulding (Sif Muna
                  | gifted it to you on level 12 of the Dungeon)
 12160 | D:12     | Received a gift from Sif Muna
 12211 | D:12     | Noticed Psyche
 12217 | D:12     | Noticed a cyclops
 12249 | D:12     | Killed Psyche
 12371 | D:12     | Killed a cyclops
 12787 | D:12     | Found a staircase to the Orcish Mines.
 12882 | D:13     | Noticed a purple ugly thing
 13069 | Temple   | Entered the Ecumenical Temple
 13203 | Lair:1   | Entered Level 1 of the Lair of Beasts
 13319 | Lair:1   | Reached XP level 12. HP: 89/89 MP: 24/24
 14981 | Lair:3   | Found a transporter.
 14981 | Lair:3   | Noticed an eight-headed hydra
 15047 | Lair:3   | Found a staircase to the Snake Pit.
 15185 | Lair:3   | Found a transporter.
 15189 | Lair:3   | Noticed Melum's ghost (journeyman VSBr)
 15786 | Lair:3   | Noticed a four-headed hydra
 15793 | Lair:3   | Killed a four-headed hydra
 16015 | Lair:4   | Noticed Josephine
 16036 | Lair:4   | Killed from afar by Josephine

Illustrated notes

Levels and vault maps discovered:
D:1:      dpeg_arrival_radiant, layout_basic
D:2:      layout_basic, nicolae_overflow_crystal_walls, led_sif_pool,
          bloody_trog, minmay_goblin_outpost, uniq_robin
D:3:      layout_loops_ring, lemuel_round_altar, minmay_close_crescents
D:4:      layout_loops_corners, okawaru_metal_pillars_1_2
D:5:      gammafunk_cloud_chamber, layout_loops_ring,
          nicolae_tso_swordbearing_angel, nicolae_ru_sacrificial_ziggurat,
          nicolae_ossuary_entry_giza, nrook_mini_backslash, xom_confusion_cloud
D:6:      layout_rooms, elyvilon_altar_5, lemuel_doored_altar,
          lemuel_crystal_altar, minmay_temple_entry_overgrown,
          corexii_hall_statues_l
D:7:      layout_basic, gammafunk_temple_overflow_statue, uniq_pikel
D:8:      minmay_skewed_foursquare, layout_cave_pools, zin_angel,
          chequers_serial_rivers_micro_d
D:9:      layout_rooms, nicolae_dithmenos_the_darkroom, grunt_ministairs_7
D:10:     layout_long_grid, dpeg_lair_monsters, basic_altar,
          chequers_serial_rivers_small_3
D:11:     layout_irregular_city
D:12:     layout_basic, enter_bailey_1, kennysheep_another_room,
          hangedman_abyss_or_decor_clamps, eino_small_chamber_without_monster,
          uniq_psyche
D:13:     layout_big_octagon, minmay_hidden_floor
Temple:   corrupted_temple
Lair:1:   layout_long_grid
Lair:2:   layout_long_grid, chequers_serial_rivers_room_b,
          chequers_serial_rivers_micro_c
Lair:3:   layout_chaotic_city, minmay_snake_entry_guardpost_small,
          gammafunk_ghost_arena, grunt_forest_stairs_clearing,
          infiniplex_staircase_pool
Lair:4:   layout_cave_pods, minmay_swamp_entry_worms, lemuel_oklob_altar,
          uniq_josephine

Skill      XL: |  1  2  3  4  5  6  7  8  9 10 11 12 |
---------------+-------------------------------------+-----
Spellcasting   | 5 6 7 8 9 |  9.2
Invocations    | 1 2 3 4 5 6 7 8 |  8.4
Fighting       | 1 2 3 4 5 6 7 |  7.7
Short Blades   | 1 2 3 4 5 6 7 |  7.7
Long Blades    | 1 2 3 4 5 6 7 |  7.7
Axes           | 1 2 3 4 5 6 7 |  7.7
Maces & Flails | 1 2 3 4 5 6 7 |  7.7
Polearms       | 1 2 3 4 5 6 7 |  7.7
Staves         | 1 2 3 4 5 6 7 |  7.7
Slings         | 1 2 3 4 5 6 7 |  7.7
Bows           | 1 2 3 4 5 6 7 |  7.7
Crossbows      | 1 2 3 4 5 6 7 |  7.7
Throwing       | 1 2 3 4 5 6 7 |  7.7
Armour         | 1 2 3 4 5 6 7 |  7.7
Shields        | 1 2 3 4 5 6 7 |  7.7
Unarmed Combat | 1 2 3 4 5 6 7 |  7.7
Evocations     | 1 2 3 4 5 6 7 |  7.7
Conjurations   | 1 2 3 4 5 6 |  6.4
Hexes          | 1 2 3 4 5 6 |  6.4
Summonings     | 1 2 3 4 5 6 |  6.4
Necromancy     | 1 2 3 4 5 6 |  6.4
Translocations | 1 2 3 4 5 6 |  6.4
Transmutations | 1 2 3 4 5 6 |  6.4
Fire Magic     | 1 2 3 4 5 6 |  6.4
Air Magic      | 1 2 3 4 5 6 |  6.4
Earth Magic    | 1 2 3 4 5 6 |  6.4
Poison Magic   | 1 2 3 4 5 6 |  6.4
Dodging        | 5 6 7 8 9 |  9.0
Stealth        | 5 6 7 8 |  8.8
Ice Magic      | 8 9 |  9.6

Action                   |  1- 3 |  4- 6 |  7- 9 | 10-12 || total
-------------------------+-------+-------+-------+-------++-------
Melee: Dagger            |    18 |    20 |    84 |       ||   122
       Unarmed           |     9 |       |       |     1 ||    10
       Bite              |     3 |     4 |    17 |    20 ||    44
       Punch             |       |       |     2 |     3 ||     5
       Whip              |       |       |    51 |       ||    51
       Staff             |       |       |    34 |   112 ||   146
 Cast: Freeze            |     5 |     2 |     9 |    11 ||    27
       Frozen Ramparts   |    11 |    26 |    52 |    75 ||   164
       Summon Ice Beast  |       |       |    19 |   128 ||   147
       Hailstorm         |       |       |       |     5 ||     5
Evoke: Wand              |       |       |       |     2 ||     2
  Use: Scroll            |       |       |    17 |       ||    17
       Potion            |       |       |       |     1 ||     1
 Stab: Sleeping          |     2 |       |     3 |     1 ||     6
       Distracted        |       |       |     1 |       ||     1
Armor: Robe              |    13 |     4 |    37 |    33 ||    87
Dodge: Dodged            |    18 |    25 |   154 |   204 ||   401

Table legend: (Time is in decaauts)
 A = Elapsed time spent in this place.
 B = Non-inter-level travel time spent in this place.
 C = Inter-level travel time spent in this place.
 D = Time resting spent in this place.
 E = Time spent auto-exploring this place.
 F = Levels seen in this place.
 G = Mean time per level.
                   A        B        C        D        E       F      G
               +--------+--------+--------+--------+--------+-----+--------+
         Total |  16027 |  15017 |   1010 |    796 |  11024 |  20 |  801.3 |
       Dungeon |  11957 |  11008 |    949 |    434 |   8284 |  13 |  919.8 |
        Temple |      1 |      0 |      1 |      0 |      0 |   1 |    1.0 |
          Lair |   2843 |   2784 |     59 |    162 |   2195 |   4 |  710.8 |
       Ossuary |     45 |     45 |      0 |      2 |      0 |   1 |   45.0 |
        Bailey |   1178 |   1178 |      0 |    198 |    545 |   1 | 1178.0 |
               +--------+--------+--------+--------+--------+-----+--------+

Top non-repeatable levels by time:
     D:3: 1299 daAuts
     D:2: 1237 daAuts
  Bailey: 1178 daAuts
     D:7: 1170 daAuts
     D:5: 1148 daAuts
     D:4: 1142 daAuts
    D:10: 1126 daAuts
    D:12: 1042 daAuts
     D:8: 1023 daAuts
  Lair:3: 1020 daAuts
  Lair:1: 948 daAuts
     D:9: 932 daAuts
    D:11: 890 daAuts
  Lair:2: 830 daAuts
     D:6: 697 daAuts
